 Dungeon Crawl Stone Soup version 0.16-a0-791-gf1c67de (webtiles) character file.

640 PolkaDot the Ruffian (level 7, -3/61 HPs)
             Began as a Yellow Draconian Transmuter on Sept 28, 2014.
             Was a Follower of Qazlal.
             Slain by RobertPalmer's ghost (11 damage)
             ... on Level 5 of the Dungeon.
             The game lasted 00:18:05 (4722 turns).

PolkaDot the Ruffian (Yellow Draconian Transmuter)  Turns: 4722, Time: 00:18:05

HP  -3/61        AC  9     Str 13      XL: 7   Next: 26%
MP  12/12        EV 12     Int 15      God: Qazlal [*.....]
Gold 215         SH  0     Dex 11      Spells:  2 memorised,  4 levels left

rFire  . . .     SeeInvis .       - Unarmed
rCold  + . .     Clarity  .     (armour unavailable)
rNeg   . . .     rCorr    +     (no shield)
rPois  .         rRot     .     (helmet restricted)
rElec  .         Spirit   .     (no cloak)
SustAb .         Warding  .     (no gloves)
rMut   .         Stasis   .     (no boots)
Gourm  .                        (no amulet)
MR     +....                    (no ring)
                                o - +3 ring of protection

@: confused, very slightly contaminated, hasted, very quick, somewhat resistant
to hostile enchantments, very unstealthy
A: spit acid, acid resistance, unfitting armour, cold resistance 1, magic
resistance 1, spit poison 2, cold-blooded, AC +6
a: Spit Poison, Spit Acid, Renounce Religion


You were on level 5 of the Dungeon.
You worshipped Qazlal.
Qazlal was aware of your devotion.
You were not hungry.

You visited 1 branch of the dungeon, and saw 5 of its levels.

You collected 215 gold pieces.

Inventory:

Missiles
 b - 60 arrows
 c - 12 arrows of flame
Comestibles
 a - 5 bread rations
 h - 3 fruits
 i - 3 meat rations
 l - 10 chunks of human flesh
 p - 4 rotting chunks of orc flesh
 q - 4 rotting chunks of orc flesh
 t - 2 chunks of hobgoblin flesh
 v - a chunk of bat flesh
 w - a slice of pizza
 x - 3 chunks of worker ant flesh
Scrolls
 e - a scroll of remove curse
 j - 2 scrolls of enchant armour {unknown}
 k - a scroll of amnesia {unknown}
 u - a scroll of fear {unknown}
Jewellery
 o - a +3 ring of protection (left hand)
Potions
 f - 3 potions of restore abilities
Books
 d - a book of Changes

   Spells                             Type                      Level
   *Beastly Appendage                 Transmutation                1
   Sticks to Snakes                   Transmutation                2
   Spider Form                        Transmutation/Poison         3
   Ice Form                           Ice/Transmutation            4
   *Blade Hands                       Transmutation                5


   Skills:
 - Level 5.0 Fighting
 - Level 1.7 Dodging
 + Level 5.5 Unarmed Combat
 - Level 2.0 Spellcasting
 + Level 4.7 Transmutations


You had 4 spell levels left.
You knew the following spells:

 Your Spells              Type           Power        Failure   Level  Hunger
a - Beastly Appendage     Trmt           ###...       3%          1    #......
b - Blade Hands           Trmt           ###.......   87%         5    ######.


Dungeon Overview and Level Annotations

Branches:
Dungeon (5/15)             Temple (0/1) D:5

Altars:
Gozag
Okawaru
Qazlal

Shops:
D:4 :

Annotations:
D:5 RobertPalmer's ghost, experienced OgWz


Innate Abilities, Weirdness & Mutations

You can spit globs of acid.
You can corrode armour when you spit acid.
You are resistant to acid.
Your golden yellow scales are hard (AC +6).
Your body does not fit into most forms of armour.
Your cold-blooded metabolism reacts poorly to cold.
Your flesh is cold resistant.
You are resistant to hostile enchantments.
You can spit moderately strong poison.


Message History

RobertPalmer's ghost is severely damaged.
You are engulfed in noxious fumes.
You choke on the stench!
You are more confused.
* * * LOW HITPOINT WARNING * * *
You swing at nothing.
You are engulfed in noxious fumes.
* * * LOW HITPOINT WARNING * * *
RobertPalmer's ghost hits you.
* * * LOW HITPOINT WARNING * * *
The white imp gestures at you. The puff of frost misses you.
The puff of frost hits RobertPalmer's ghost.
You hit the white imp.
The white imp is heavily wounded.
You are engulfed in noxious fumes.
You choke on the stench!
You are more confused.
You swing at nothing.
You are engulfed in noxious fumes.
You choke on the stench!
You are more confused.
RobertPalmer's ghost hits you!
You die...

...... .....#.#######
......# #...#.#......
$...#.# #.#..........
#..#.## #.#..........
#.....###.....#......
...#.....%##...#.#......
...............#)#......
...#.#§W§###.#......####
##@.§##.###.##.#
#5#§##.###.#..##
#...##.##......#
#.#....##.>.##.[..
#.#..#.#....#####.
.s##.........#####
..####.......##... ..#
#....)..#..## ...
##....#......


You could see a scorpion, RobertPalmer's ghost and a white imp.

Vanquished Creatures
  An ogre (D:4)
  A big kobold (D:4)
  2 orc priests
  2 hounds
  A centaur skeleton (D:4)
  2 worker ants
  3 orc wizards
  7 adders
  An inept item mimic (D:2)
  A shadow imp (D:5)
  A worm (D:2)
  An orc skeleton (D:4)
  6 giant geckos
  An ooze (D:3)
  16 orcs
  8 bats
  2 giant cockroaches
  11 hobgoblins
  9 jackals
  4 giant newts
  8 goblins
  30 kobolds
  A quokka (D:3)
  8 rats
  A plant (D:4)
128 creatures vanquished.

Vanquished Creatures (others)
  A plant (D:4)
1 creature vanquished.

Grand Total: 129 creatures vanquished

Notes
Turn   | Place    | Note
--------------------------------------------------------------
     0 | D:1      | PolkaDot, the Draconian Transmuter, began the quest for the Orb.
     0 | D:1      | Reached XP level 1. HP: 16/16 MP: 3/3
   286 | D:1      | Reached XP level 2. HP: 15/24 MP: 2/4
  1070 | D:1      | Reached XP level 3. HP: 24/30 MP: 6/6
  1582 | D:2      | Found an iron altar of Okawaru.
  1660 | D:2      | Found an opulent altar of Gozag.
  2134 | D:3      | Reached XP level 4. HP: 40/40 MP: 7/7
  2209 | D:3      | Found a stormy altar of Qazlal.
  2210 | D:3      | Noticed a fire elemental
  2212 | D:3      | Noticed an earth elemental
  2212 | D:3      | Noticed a water elemental
  2212 | D:3      | Noticed an air elemental
  2219 | D:3      | Became a worshipper of Qazlal Stormbringer
  2330 | D:3      | Reached skill level 4 in Fighting
  2778 | D:3      | Reached XP level 5. HP: 43/47 MP: 9/9
  2826 | D:3      | Learned a level 5 spell: Blade Hands
  2935 | D:3      | Reached skill level 5 in Fighting
  3204 | D:4      | Found Pniamn's Book Boutique.
  3508 | D:4      | Noticed an ogre
  3511 | D:4      | Gained mutation: Your flesh is cold resistant. [potion of beneficial mutation]
  3517 | D:4      | Reached XP level 6. HP: 38/56 MP: 8/10
  3519 | D:4      | Acquired Qazlal's first power
  3524 | D:4      | Killed an ogre
  4042 | D:4      | Reached skill level 5 in Unarmed Combat
  4318 | D:4      | Your scales start taking on a golden yellow colour.
  4318 | D:4      | Reached XP level 7. HP: 49/61 MP: 10/12
  4494 | D:5      | Entered Level 5 of the Dungeon
  4494 | D:5      | Found a staircase to the Ecumenical Temple.
  4674 | D:5      | Noticed RobertPalmer's ghost (experienced OgWz)
  4701 | D:5      | Gained mutation: You can spit poison. [potion of mutation]
  4701 | D:5      | Gained mutation: You are resistant to hostile enchantments. [potion of mutation]
  4701 | D:5      | Gained mutation: You can spit moderately strong poison. [potion of mutation]
  4722 | D:5      | Slain by RobertPalmer's ghost

Action                   |  1- 3 |  4- 6 |  7- 9 || total
-------------------------+-------+-------+-------++-------
Melee: Unarmed           |   176 |   287 |    78 ||   541
 Cast: Beastly Appendage |    11 |    15 |     2 ||    28
 Abil: Spit Acid         |       |       |     3 ||     3
  Use: Scroll            |       |     3 |     3 ||     6
       Potion            |       |     4 |     3 ||     7
  Eat: Chunk             |     4 |     8 |     2 ||    14
